 Dungeon Crawl Stone Soup version 0.30.0-30-g96aa6591b8 (webtiles) character file.

Game seed: 2556373881363371776

3 cheesebisquit the Magician (level 1, -3/16 HPs)
             Began as a Djinni Hedge Wizard on June 26, 2023.
             Frozen to death by an endoplasm (7 damage)
             ... on level 1 of the Dungeon.
             The game lasted 00:00:45 (185 turns).

cheesebisquit the Magician (Djinni Hedge Wizard)     Turns: 185, Time: 00:00:45

Health: -3/16      AC:  2    Str:  9    XL:     1   Next: 55%
Gold:   17         EV: 12    Int: 15    God:
                   SH:  0    Dex: 12

rFire   + + .        a - +0 dagger
rCold   x . .        (no shield)
rNeg    . . .        b - +0 robe
rPois   ∞            c - +0 hat
rElec   .            (no cloak)
rCorr   .            (no gloves)
SInv    .            (boots unavailable)
Will    .....        (no amulet)
Stlth   ++           (no ring)
HPRegen 0.22/turn    (no ring)
MPRegen 0.00/turn

%: infuse magic (-4 HP)
@: flying, very slightly contaminated
A: sickness immunity, fire resistance 2, cold vulnerability 1, float, innate
caster, HP casting, extra vitality 1
a: no special abilities


You were on level 1 of the Dungeon.
You visited 1 branch of the dungeon, and saw 1 of its levels.

You collected 17 gold pieces.

Inventory:

Hand Weapons
 a - a +0 dagger (weapon)
Armour
 b - a +0 robe (worn)
 c - a +0 hat (worn)


   Skills:
 + Level 0.5 Fighting
 - Level 2.1 Dodging
 - Level 1.5 Stealth
 + Level 2.5 Spellcasting


You knew the following spells:

 Your Spells              Type           Power      Damage    Failure   Level
a - Magic Dart            Conj           36%        1d4       8%          1
b - Slow                  Hex            36%        N/A       8%          1
c - Blink                 Tloc           18%        N/A       12%         2
d - Call Imp              Summ           18%        N/A       12%         2
e - Mephitic Cloud        Conj/Pois/Air  9%         N/A       22%         3
Your spell library was empty.

Dungeon Overview and Level Annotations

Branches:
Dungeon (1/15)

Altars:


Innate Abilities, Weirdness & Mutations

You are immune to sickness and miasma.
You are immune to poison.
Your flesh is very heat resistant. (rF++)
You are vulnerable to cold. (rC-)
You float through the air rather than walking.
You learn spells naturally, not from books.
Your magical power is your life essence.
You have superior vitality. (+4 MHP)


Message History

Your magical contamination has completely faded away.
HP restored.
You see here a frilled lizard corpse.
You now have 7 gold pieces.
You now have 17 gold pieces (gained 10).
An endoplasm and a bat come into view.
You miscast Magic Dart.
You are very lightly contaminated with residual magic.
Nothing appears to happen.
The magic dart hits the bat.
You kill the bat!
The magic dart hits the endoplasm.
The endoplasm is lightly wounded.
The endoplasm quivers.
You miscast Magic Dart.
Nothing appears to happen.
The magic dart hits the endoplasm but does no damage.
The endoplasm is lightly wounded.
The endoplasm barely misses you.
The magic dart hits the endoplasm.
The endoplasm is moderately wounded.
The endoplasm hits you but does no damage.
The magic dart hits the endoplasm.
The endoplasm is severely wounded.
The endoplasm hits you.
The magic dart hits the endoplasm.
The endoplasm is almost dead.
The endoplasm freezes you.
You are frozen.
You feel a terrible chill!
You are too injured to fight recklessly!
You are too injured to fight recklessly!
You aren't carrying any potions.
You aren't carrying any scrolls.
Aiming: Magic Dart (safe; 8% risk of failure)
Press: ? - help, Q - select action, (/) - cycle Shift-Dir - straight line, f/p - endoplasm
Aim: an endoplasm (almost dead, 100% to hit)
You miscast Magic Dart.
Nothing appears to happen.
* * * LOW HITPOINT WARNING * * *
The endoplasm freezes you.
You are frozen!
You feel a terrible chill!
You die...

.. #.# #. #.# #.# #.# #.#
#.# #.# #.# #.#.# #.# #.#
#.#.# #.# #.# #.#.#
####.#######.#####.#.#
#...............†#.#.#
#.##J@######..##.#.#.#
#..$..# #..##.#.#.#
....†###.## #..##.#...#
.##..##...#####.....†...#
#.............###.###.#
##.##...####### #.# #.#
#...........# #.# #.#
#####.#####.# #.# #.# #.#
... ..#


You could see an endoplasm.

Vanquished Creatures
  3 bats (D:1)
  A frilled lizard (D:1)
  A rat (D:1)
5 creatures vanquished.

Notes
Turn   | Place    | Note
-------+----------+-------------------------------------------
     0 | D:1      | cheesebisquit the Djinni Hedge Wizard began the quest for
                  | the Orb.
     0 | D:1      | cheesebisquit set off with the following spells memorised:
                  | Magic Dart, Slow, Blink, Call Imp, Mephitic Cloud.
     0 | D:1      | Reached XP level 1. HP: 15/15 MP: 0/0
   185 | D:1      | Frozen to death by an endoplasm

Illustrated notes

Levels and vault maps discovered:
D:1:      matt_arrival_refuge, layout_loops_ring, solitary_fountain

Action                     || total
---------------------------++-------
   Cast: Magic Dart        ||    17
 Armour: Robe              ||     2
  Dodge: Dodged            ||     5
